 Dungeon Crawl Stone Soup version 0.27.1-3-gb3d3a73c9e (webtiles) character file.

Game seed: 4326430492398861151

940 SmokeWeed the Covered (level 8, -1/68 HPs)
             Began as a Hill Orc Fighter on Oct 28, 2021.
             Slain by Prince Ribbit (11 damage)
             ... on level 5 of the Dungeon.
             The game lasted 00:13:07 (5521 turns).

SmokeWeed the Covered (Hill Orc Fighter)            Turns: 5521, Time: 00:13:08

Health: -1/68      AC: 11    Str: 19    XL:     8   Next: 12%
Magic:  8/8        EV:  6    Int: 10    God:
Gold:   109        SH: 10    Dex: 10    Spells: 7/7 levels left

rFire    . . .     SeeInvis .   a - +0 long sword
rCold    . . .     Faith    .   c - +0 kite shield
rNeg     . . .     Spirit   .   s - +0 chain mail
rPois    .         Reflect  .   b - +0 helmet
rElec    .         Harm     .   (no cloak)
rCorr    .         Rampage  .   (no gloves)
Will     +....                  (no boots)
Stlth    ..........             (no amulet)
HPRegen  0.21/turn              g - ring of willpower
MPRegen  0.11/turn              (no ring)

@: no status effects
A: no striking features
a: no special abilities


You were on level 5 of the Dungeon.
You visited 1 branch of the dungeon, and saw 5 of its levels.

You collected 109 gold pieces.

Inventory:

Hand Weapons
 a - a +0 long sword (weapon)
 h - a +0 war axe
 k - a +1 spear of flaming
 p - a +0 falchion
Missiles
 e - 247 stones
 i - 7 poisoned darts
 l - 5 boomerangs (quivered)
Armour
 b - a +0 helmet (worn)
 c - a +0 kite shield (worn)
 s - a +0 chain mail (worn)
Jewellery
 g - a ring of willpower (left hand)
Scrolls
 j - a scroll of teleportation
 n - 2 scrolls of fog
Potions
 d - 2 potions of might
 f - 3 potions of curing {unknown}
 m - 2 potions of lignification {unknown}
 o - a potion of berserk rage {unknown}
 q - a potion of flight {unknown}
 r - a potion of attraction {unknown}


   Skills:
 + Level 5.3 Fighting
 + Level 5.5 Long Blades
 + Level 2.8 Axes
 + Level 0.1 Throwing
 + Level 5.6 Armour
 + Level 1.7 Dodging
 + Level 0.4 Stealth
 + Level 5.6 Shields


You had 7 spell levels left.
You didn't know any spells.
Your spell library contained the following spells:

 Spells                   Type           Power      Damage    Failure   Level
 Dazzling Flash           Conj/Hex       0%         N/A       100%        3
 Gell's Gravitas          Tloc           0%         N/A       100%        3
 Teleport Other           Tloc           0%         N/A       100%        3
 Iskenderun's Mystic Bla  Conj/Tloc      0%         2d3       100%        4
 Dispersal                Tloc           0%         N/A       100%        6
 Starburst                Conj/Fire      0%         6d3       100%        6


Dungeon Overview and Level Annotations

Branches:
Dungeon (5/15)
 Temple: D:4-7

Altars:

Shops:
D:1 ((

Annotations:
D:3 Sigmund
D:5 Prince Ribbit


Message History

* * * LOW HITPOINT WARNING * * *
You miss Prince Ribbit.
Prince Ribbit is moderately wounded.
Prince Ribbit closely misses you. You block Prince Ribbit's attack.
You barely miss Prince Ribbit.
Prince Ribbit is moderately wounded.
Prince Ribbit croaks regally.
Prince Ribbit blinks!
You closely miss Prince Ribbit.
Prince Ribbit is moderately wounded.
Prince Ribbit hits you.
* * * LOW HITPOINT WARNING * * *
You block Prince Ribbit's attack.
You slash Prince Ribbit!
Prince Ribbit is severely wounded.
You block Prince Ribbit's attack.
Prince Ribbit hits you but does no damage.
You slash Prince Ribbit!
Prince Ribbit is almost dead.
Prince Ribbit hits you but does no damage.
Prince Ribbit hits you.
* * * LOW HITPOINT WARNING * * *
You barely miss Prince Ribbit.
Prince Ribbit is almost dead.
Prince Ribbit barely misses you.
You miss Prince Ribbit.
Prince Ribbit is almost dead.
Prince Ribbit closely misses you.
You riposte.
You closely miss Prince Ribbit.
Prince Ribbit is almost dead.
You block Prince Ribbit's attack.
You miss Prince Ribbit.
Prince Ribbit is almost dead.
Prince Ribbit mumbles some strange words.
Prince Ribbit easily resists.
Prince Ribbit casts a spell.
Prince Ribbit looks slightly unstable.
You closely miss Prince Ribbit.
Prince Ribbit is almost dead.
Prince Ribbit hits you!
You die...

######### ........#
#######.###########
..........)).@F...###
.###########.###.#####.# ########
.......................# #.......
........#.....##.#####.# #.######
........####..##.#####.# #.######
........# #...†....##.# #.#.....
........# #..##.##.##.###.#.####
........# #..##...........#.####
#+##########..#####....##..#.....


You could see Prince Ribbit.

Vanquished Creatures
  3 necrophages
  A kobold brigand (D:4)
  A bullfrog (D:3)
  A water moccasin skeleton (D:4)
  3 hounds
  A jelly (D:4)
  An orc priest (D:5)
  Jessica (D:3)
  An iguana (D:5)
  Terence (D:3)
  Natasha (thrice) (D:3)
  An orc wizard (D:5)
  Robin (D:2)
  5 adders
  A gnoll (D:4)
  A worm (D:3)
  A dart slug (D:2)
  8 orcs
  7 ball pythons
  9 endoplasms
  6 giant cockroaches
  12 goblins
  8 hobgoblins
  11 jackals
  5 kobolds
  4 quokkas
  3 bats
  A frilled lizard (D:1)
  5 rats
106 creatures vanquished.

Vanquished Creatures (others)
  2 plants (D:4)
2 creatures vanquished.

Grand Total: 108 creatures vanquished

Notes
Turn   | Place    | Note
-------+----------+-------------------------------------------
     0 | D:1      | SmokeWeed the Hill Orc Fighter began the quest for the Orb.
     0 | D:1      | Reached XP level 1. HP: 19/19 MP: 1/1
     2 | D:1      | Noticed a demonspawn
     2 | D:1      | Noticed a palentonga
     4 | D:1      | Noticed a minotaur
     4 | D:1      | Noticed a tengu
     6 | D:1      | Noticed a djinni
     8 | D:1      | Noticed a barachi
     8 | D:1      | Noticed an elf
    10 | D:1      | Noticed a dwarf
    12 | D:1      | Noticed an ogre
    12 | D:1      | Noticed a spriggan
    14 | D:1      | Noticed a merfolk
    14 | D:1      | Noticed a troll
    16 | D:1      | Noticed a formicid
    16 | D:1      | Noticed a demigod
    18 | D:1      | Noticed an octopode
    18 | D:1      | Noticed a vine stalker
    21 | D:1      | Noticed a gargoyle
    21 | D:1      | Noticed a felid
    23 | D:1      | Noticed a draconian
    23 | D:1      | Noticed a human
    25 | D:1      | Noticed a naga
    27 | D:1      | Noticed a ghoul
    27 | D:1      | Noticed a vampire
   235 | D:1      | Found Plog's Weapon Boutique.
   250 | D:1      | Reached XP level 2. HP: 23/27 MP: 2/2
   429 | D:1      | Found Ajumn's Weapon Boutique.
   565 | D:1      | Reached XP level 3. HP: 31/33 MP: 3/3
   909 | D:1      | Found a faded altar of an unknown god.
  1218 | D:2      | Noticed Robin
  1227 | D:2      | Killed Robin
  1228 | D:2      | Reached skill level 1 in Axes
  1424 | D:2      | Reached XP level 4. HP: 34/40 MP: 4/4
  2154 | D:3      | Noticed Natasha
  2158 | D:3      | Killed Natasha
  2159 | D:3      | Reached XP level 5. HP: 47/47 MP: 5/5
  2212 | D:3      | Noticed Natasha
  2228 | D:3      | Killed Natasha
  2605 | D:3      | Noticed Jessica
  2608 | D:3      | Noticed a necrophage
  2616 | D:3      | Killed Jessica
  2621 | D:3      | Killed a necrophage
  2622 | D:3      | Reached skill level 1 in Dodging
  2622 | D:3      | Reached XP level 6. HP: 19/53 MP: 6/6
  2625 | D:3      | Noticed Natasha
  2632 | D:3      | Killed Natasha
  2911 | D:3      | Noticed Terence
  2927 | D:3      | Killed Terence
  2937 | D:3      | Noticed Sigmund
  3433 | D:4      | Noticed a necrophage
  3445 | D:4      | Killed a necrophage
  3446 | D:4      | Reached skill level 5 in Armour
  3446 | D:4      | Reached XP level 7. HP: 51/60 MP: 7/7
  3704 | D:4      | Reached skill level 5 in Shields
  3741 | D:4      | Reached skill level 5 in Long Blades
  4090 | D:4      | Reached skill level 5 in Fighting
  5086 | D:5      | Entered Level 5 of the Dungeon
  5116 | D:5      | Reached XP level 8. HP: 40/68 MP: 8/8
  5471 | D:5      | Noticed Prince Ribbit
  5521 | D:5      | Slain by Prince Ribbit

Illustrated notes

Levels and vault maps discovered:
D:1:      kb_arrival_jail, layout_basic, shapermc_ecumenical_altar_flowoftime,
          serial_shops, nicolae_shop_stone, shop
D:2:      layout_basic, uniq_robin
D:3:      layout_rooms, uniq_sigmund, uniq_jessica, uniq_grinder, uniq_natasha,
          uniq_terence
D:4:      layout_layer_cave, serial_bayou, serial_bayou_ford_a,
          serial_bayou_pond_b, serial_bayou_pond_a, serial_bayou_lagoon_a,
          enter_ossuary_5, minivault_26, minmay_crossroads
D:5:      layout_basic, overflow_temple_1_default, temple_fountains,
          uniq_prince_ribbit1

Skill      XL: |  1  2  3  4  5  6  7 |
---------------+----------------------+-----
Fighting       | 4 5 |  5.3
Axes           | 2 |  2.8
Shields        | 4 5 |  5.6
Long Blades    | 3 4 5 |  5.5
Armour         | 4 5 |  5.6
Dodging        | 1 |  1.7
Throwing       | |  0.1
Stealth        | |  0.4

Action                   |  1- 3 |  4- 6 |  7- 9 || total
-------------------------+-------+-------+-------++-------
Melee: Long sword        |    52 |   122 |   166 ||   340
       War axe           |    46 |    27 |       ||    73
Throw: Boomerang         |       |       |     4 ||     4
  Use: Scroll            |       |     5 |     1 ||     6
Armor: Scale mail        |    62 |    70 |       ||   132
       Chain mail        |       |     7 |    91 ||    98
Dodge: Dodged            |    43 |    61 |    39 ||   143
Block: Kite shield       |    64 |    91 |    99 ||   254
       Rpst.: Long sword |     3 |    14 |    17 ||    34
